[Event "FIDE WYCC Open U18 2023"]
[Site "Montesilvano"]
[Date "2023.11.17"]
[Round "5.3"]
[White "Krallis, Christos"]
[Black "Murzin, Volodar"]
[Result "0-1"]
[ECO "B47"]
[WhiteElo "2339"]
[BlackElo "2625"]
[Annotator "TA"]
[PlyCount "72"]
[EventDate "2023.11.13"]
[EventType "swiss"]
[EventCountry "ITA"]
[SourceTitle "playchess.com"]
[Source "ChessBase"]
[SourceQuality "1"]
[TimeControl "40/5400+30:1800+30"]

1. e4 c5 2. Nf3 e6 3. d4 cxd4 4. Nxd4 Nc6 5. Nc3 a6 6. Be2 Qc7 7. Nxc6 {B47: Sicilian: Taimanov: 5 Nc3 Qc7 6 f4, 6 g3 and 6 Be2.} Qxc6 8. O-O Bc5 {[#]} 9. a4 $146 {White is slightly better.} ({Predecessor:} 9. Bf3 Qc7 10. Re1 Ne7 11. e5 O-O 12. Bf4 Ng6 13. Bg3 Rb8 14. h4 h6 15. Ne4 {1-0 Mammadzada,G (2456)-Roebers,E (2415) Krakow Euro Pairs Blitz-A (Women) 2023 (1.3)}) 9... Ne7 10. Bf4 O-O 11. Bf3 d6 12. Qd2 e5 13. Bg5 f6 14. Be3 Be6 15. a5 Rfd8 (15... Bb4 $11) 16. Rfd1 ({White should play} 16. Nd5 $14 Bxd5 17. exd5 Bxe3 18. fxe3) 16... Rac8 $11 17. h3 Bxe3 18. Qxe3 Qc5 19. Bg4 Bxg4 20. Qxc5 Rxc5 21. hxg4 Kf7 22. f3 Ke6 23. Kf2 Rdc8 24. Ke3 Nc6 25. Rd5 Nb4 26. Rd2 (26. Rxc5 {simplifies} Rxc5 27. Kd2 Nc6 28. b4) 26... Rc4 27. g3 {[#]} (27. Kf2 $11) 27... Rd4 $1 $15 28. Rh2 (28. Rf2 Rc5) 28... h6 29. f4 Rc5 {Black is more active.} (29... d5 {simplifies} 30. fxe5 fxe5 31. exd5+ Nxd5+ 32. Nxd5 Kxd5 33. Rd2 Rxd2 34. Kxd2 Rc4) 30. g5 hxg5 $19 ({And not} 30... fxg5 31. fxg5 hxg5 32. Rah1 $17) 31. fxg5 {[#]} f5 $1 ({Stronger than} 31... fxg5 32. Rf2 $17) 32. exf5+ Kxf5 33. Rf1+ {[#]} Kg6 $1 ({Resist} 33... Kxg5 34. Ne4+ Rxe4+ 35. Kxe4 $16) 34. Rf8 Rxa5 35. Ne4 $2 (35. Rd2) 35... Ra1 {Threatens to win with ...Re1+.} 36. Re2 {[#] Dodges Re1} Re1 $3 {[%mdl 576] Decoy.   Weighted Error Value: White=0.28 (precise) /Black=0.07 (flawless)} 0-1

[Event "FIDE WYCC Open U18 2023"]
[Site "Montesilvano"]
[Date "2023.11.17"]
[Round "5.4"]
[White "Ohanyan, Emin"]
[Black "Baranciuc, Alexandr"]
[Result "1-0"]
[ECO "A07"]
[WhiteElo "2466"]
[BlackElo "2338"]
[Annotator "RC"]
[PlyCount "143"]
[EventDate "2023.11.13"]
[EventType "swiss"]
[EventCountry "ITA"]
[SourceTitle "playchess.com"]
[Source "ChessBase"]
[SourceQuality "1"]
[TimeControl "40/5400+30:1800+30"]

1. Nf3 d5 2. g3 Bg4 3. Bg2 Nd7 4. c4 e6 5. Qb3 Nc5 6. Qe3 c6 7. O-O Nf6 8. h3 Bh5 9. d4 Ncd7 10. cxd5 cxd5 11. Qb3 Bxf3 12. Bxf3 Qb6 13. Nc3 Be7 14. e4 dxe4 15. Nxe4 O-O 16. Nxf6+ Bxf6 17. Rd1 Rfd8 18. Be3 Rac8 19. Bxb7 Qxb3 20. axb3 Rc2 21. Rxa7 Rxb2 22. Rd3 Nb6 23. Rc3 h6 24. Rc7 Rxb3 25. Bf3 Rf8 26. Rab7 Rb2 27. Bh5 g6 28. Bxh6 Bg7 29. Bc1 Nd5 30. Bxb2 Nxc7 31. Bxg6 fxg6 32. Rxc7 Rb8 33. Rc2 Rb4 34. Rd2 Bh6 35. Re2 Kf7 36. h4 Bg7 37. Rd2 Bh6 38. f4 Rb3 39. Kg2 Bf8 40. Kh3 Bb4 41. Re2 Rd3 42. Kg4 Bd2 43. Ba1 Be3 44. Rc2 Bxd4 45. Rc7+ Kf6 46. Rd7 Rxg3+ 47. Kxg3 Bxa1 48. Kg4 Bc3 49. Rd6 Be1 50. Rd1 Bf2 51. Rf1 Bc5 52. Kf3 Kf5 53. Rb1 Bd4 54. Rb8 Kf6 55. Ra8 Bc5 56. Ra5 Bb4 57. Ra1 Bc3 58. Rc1 Bd4 59. Ke4 Bf2 60. h5 gxh5 61. Rc6 h4 62. f5 Bg3 63. Rxe6+ Kf7 64. Kf3 Bc7 65. Kg4 Bd8 66. Ra6 Bf6 67. Ra7+ Kf8 68. Kh5 h3 69. Kg6 h2 70. Rh7 Be5 71. f6 Kg8 72. Rh5 1-0

[Event "FIDE WYCC Open U18 2023"]
[Site "Montesilvano"]
[Date "2023.11.17"]
[Round "5.5"]
[White "Bacojo, Mark Jay"]
[Black "Razafindratsima, Timothe"]
[Result "1-0"]
[ECO "B22"]
[WhiteElo "2335"]
[BlackElo "2462"]
[Annotator "RC"]
[PlyCount "51"]
[EventDate "2023.11.13"]
[EventType "swiss"]
[EventCountry "ITA"]
[SourceTitle "playchess.com"]
[Source "ChessBase"]
[SourceQuality "1"]
[TimeControl "40/5400+30:1800+30"]

1. e4 c5 2. Nf3 Nc6 3. c3 d5 4. exd5 Qxd5 5. d4 Bf5 6. Na3 cxd4 7. Bc4 Qd7 8. Nb5 Be6 9. Bxe6 Qxe6+ 10. Be3 Qd7 11. Qa4 a6 12. O-O-O Rd8 13. Nfxd4 axb5 14. Nxb5 Qc8 15. Na7 Qa8 16. Rxd8+ Qxd8 17. Rd1 Qxd1+ 18. Kxd1 Kd7 19. Nxc6 bxc6 20. Qd4+ Ke8 21. a4 Nf6 22. a5 e5 23. Qxe5+ Kd7 24. Qb8 Ne8 25. Bb6 Bd6 26. Qd8+ 1-0

[Event "FIDE WYCC Open U18 2023"]
[Site "Montesilvano"]
[Date "2023.11.17"]
[Round "5.6"]
[White "Lamaze, Simon"]
[Black "Elmi, Saad Abobaker"]
[Result "*"]
[ECO "B38"]
[WhiteElo "2415"]
[BlackElo "2321"]
[Annotator "RC"]
[PlyCount "100"]
[EventDate "2023.11.13"]
[EventType "swiss"]
[EventCountry "ITA"]
[SourceTitle "playchess.com"]
[Source "ChessBase"]
[SourceQuality "1"]
[TimeControl "40/5400+30:1800+30"]

1. e4 c5 2. Nf3 Nc6 3. d4 cxd4 4. Nxd4 g6 5. c4 Bg7 6. Be3 Qb6 7. Nb3 Qd8 8. Nd4 Qb6 9. Nb3 Qd8 10. Qd2 Nf6 11. f3 O-O 12. Nc3 d6 13. Be2 Nd7 14. O-O a5 15. Rac1 a4 16. Na1 a3 17. b3 Qa5 18. Nd5 Qxd2 19. Bxd2 Bb2 20. Rb1 Nf6 21. Nc7 Rb8 22. Nb5 Nd4 23. Nxd4 Bxd4+ 24. Kh1 b5 25. Nc2 Bb2 26. cxb5 Bd7 27. Bc1 Rfc8 28. Nxa3 Bxa3 29. Bxa3 Ra8 30. Bb2 Rxa2 31. Bc4 Rb8 32. b4 Ra4 33. Bxf6 exf6 34. Rfd1 Bxb5 35. Bb3 Ra6 36. Kg1 Bd7 37. Rd4 Kf8 38. Kf2 Rab6 39. Bc2 Ke7 40. Ke3 h5 41. Rb2 R8b7 42. Bd3 Be6 43. b5 Ra7 44. Rdb4 Ra5 45. Kd4 Bd7 46. Bc4 h4 47. g3 h3 48. Ke3 f5 49. exf5 Bxf5 50. Kf4 Ra1 *

[Event "FIDE WYCC Open U18 2023"]
[Site "Montesilvano"]
[Date "2023.11.17"]
[Round "5.7"]
[White "Sahakyan, Aleks"]
[Black "Amilal Munkhdalai"]
[Result "1/2-1/2"]
[ECO "E04"]
[WhiteElo "2303"]
[BlackElo "2404"]
[Annotator "RC"]
[PlyCount "61"]
[EventDate "2023.11.13"]
[EventType "swiss"]
[EventCountry "ITA"]
[SourceTitle "playchess.com"]
[Source "ChessBase"]
[SourceQuality "1"]
[TimeControl "40/5400+30:1800+30"]

1. d4 Nf6 2. c4 e6 3. g3 d5 4. Bg2 dxc4 5. Nf3 a6 6. O-O Nc6 7. a4 Na5 8. Nbd2 c5 9. dxc5 Bxc5 10. Ne5 c3 11. bxc3 Qc7 12. Nd3 Be7 13. Ne4 Nxe4 14. Bxe4 O-O 15. Bf4 Bd6 16. Bxd6 Qxd6 17. Qb1 Qc7 18. Qb4 Bd7 19. Nc5 Bc6 20. Bxc6 Qxc6 21. Nxe6 Qxe6 22. Qxa5 Qxe2 23. Qd5 Qe7 24. Rab1 Rab8 25. Rb6 Rfd8 26. Qf3 Qa3 27. Rxb7 Rxb7 28. Qxb7 Qxa4 29. Qc7 Qd7 30. Qa5 Rc8 31. Qxa6 1/2-1/2

[Event "FIDE WYCC Open U18 2023"]
[Site "Montesilvano"]
[Date "2023.11.17"]
[Round "5.8"]
[White "Chyzy, Jakub"]
[Black "Dzida, Kamil"]
[Result "0-1"]
[ECO "C45"]
[WhiteElo "2286"]
[BlackElo "2399"]
[Annotator "RC"]
[PlyCount "98"]
[EventDate "2023.11.13"]
[EventType "swiss"]
[EventCountry "ITA"]
[SourceTitle "playchess.com"]
[Source "ChessBase"]
[SourceQuality "1"]
[TimeControl "40/5400+30:1800+30"]

1. e4 e5 2. Nf3 Nc6 3. d4 exd4 4. Nxd4 Nf6 5. Nxc6 bxc6 6. e5 Qe7 7. Qe2 Nd5 8. h4 Qe6 9. Nd2 Nb4 10. Nf3 Ba6 11. c4 Qg6 12. Kd1 c5 13. h5 Qe6 14. Ng5 Qe7 15. Qf3 Rd8 16. a3 Nc6 17. Bf4 h6 18. Ne4 Qe6 19. Rc1 Nd4 20. Qg3 Nf5 21. Qf3 d5 22. exd6 Nxd6 23. Bxd6 Bxd6 24. Bd3 O-O 25. Re1 Rfe8 26. Kc2 Bxc4 27. Ng5 Bb3+ 28. Kd2 Qf6 29. Qxf6 gxf6 30. Ne4 Kg7 31. Kc3 Ba4 32. Nxd6 cxd6 33. f4 d5 34. Bf5 Rb8 35. Rxe8 Rxe8 36. Kd2 c4 37. Kc3 Re2 38. g4 Bb3 39. Rb1 Rf2 40. Kd4 Ba2 41. Re1 Kf8 42. a4 a5 43. Kc5 Rxf4 44. Re2 Bb3 45. Kb5 c3 46. Kxa5 Rxa4+ 47. Kb6 Ra2 48. Kc5 Bd1 49. Rg2 Rxb2 0-1

[Event "FIDE WYCC Open U18 2023"]
[Site "Montesilvano"]
[Date "2023.11.17"]
[Round "5.9"]
[White "Eidelman, Gabriel"]
[Black "Nguyen, Quoc Hy"]
[Result "*"]
[ECO "D02"]
[WhiteElo "2284"]
[BlackElo "2392"]
[Annotator "RC"]
[PlyCount "91"]
[EventDate "2023.11.13"]
[EventType "swiss"]
[EventCountry "ITA"]
[SourceTitle "playchess.com"]
[Source "ChessBase"]
[SourceQuality "1"]
[TimeControl "40/5400+30:1800+30"]

1. Nf3 d5 2. g3 Nd7 3. d4 Nb6 4. Bg2 Bf5 5. O-O e6 6. b3 c6 7. Bb2 Be7 8. Nfd2 Nf6 9. Nc3 O-O 10. e4 dxe4 11. Ncxe4 a5 12. Nxf6+ Bxf6 13. Ne4 Be7 14. c4 a4 15. Qe2 Qc7 16. Rfd1 Rfe8 17. Rac1 Bf8 18. Qd3 Bg6 19. Qc3 axb3 20. axb3 Nd7 21. Ra1 Rxa1 22. Bxa1 Qb6 23. Bb2 Ra8 24. d5 cxd5 25. cxd5 exd5 26. Rxd5 Bxe4 27. Rxd7 Qe6 28. Rd4 Bxg2 29. Kxg2 h6 30. h3 Rc8 31. Rc4 Rxc4 32. bxc4 f6 33. Ba3 Qe4+ 34. Kg1 Bxa3 35. Qxa3 Kf7 36. Qc5 g6 37. h4 h5 38. Qb6 Qc6 39. Qd4 g5 40. hxg5 fxg5 41. Qd3 Kf6 42. Qd4+ Ke6 43. f4 gxf4 44. Qxf4 Qc5+ 45. Kg2 b6 46. Kh3 *

[Event "FIDE WYCC Open U18 2023"]
[Site "Montesilvano"]
[Date "2023.11.17"]
[Round "5.11"]
[White "Liu, Casper"]
[Black "Cesar Maestre, Bernardo"]
[Result "0-1"]
[ECO "A33"]
[WhiteElo "2260"]
[BlackElo "2373"]
[Annotator "RC"]
[PlyCount "72"]
[EventDate "2023.11.13"]
[EventType "swiss"]
[EventCountry "ITA"]
[SourceTitle "playchess.com"]
[Source "ChessBase"]
[SourceQuality "1"]
[TimeControl "40/5400+30:1800+30"]

1. c4 c5 2. Nf3 Nc6 3. Nc3 Nf6 4. d4 cxd4 5. Nxd4 e6 6. Bf4 a6 7. Nxc6 bxc6 8. Bd6 Bxd6 9. Qxd6 Qe7 10. Qxe7+ Kxe7 11. c5 Nd5 12. Na4 f5 13. e3 a5 14. Bc4 Ba6 15. Bxa6 Rxa6 16. O-O-O Ra7 17. Rd4 Rb7 18. a3 Rhb8 19. h4 g6 20. g4 fxg4 21. h5 g5 22. Rxg4 h6 23. Kd2 Rxb2+ 24. Nxb2 Rxb2+ 25. Kc1 Ra2 26. Rd1 Rxf2 27. Rd3 Nf6 28. Ra4 g4 29. e4 Nxh5 30. Rad4 g3 31. e5 g2 32. Rxd7+ Kf8 33. Rd8+ Kg7 34. R3d7+ Rf7 35. Rxf7+ Kxf7 36. Rd1 Nf4 0-1

[Event "FIDE WYCC Open U18 2023"]
[Site "Montesilvano"]
[Date "2023.11.17"]
[Round "5.12"]
[White "Olsson, William"]
[Black "Ochedzan, Tymon"]
[Result "1/2-1/2"]
[ECO "A20"]
[WhiteElo "2372"]
[BlackElo "2190"]
[Annotator "RC"]
[PlyCount "106"]
[EventDate "2023.11.13"]
[EventType "swiss"]
[EventCountry "ITA"]
[SourceTitle "playchess.com"]
[Source "ChessBase"]
[SourceQuality "1"]
[TimeControl "40/5400+30:1800+30"]

1. c4 e5 2. g3 Nf6 3. Bg2 d5 4. cxd5 Nxd5 5. Nf3 Nc6 6. O-O Nb6 7. b3 Bg4 8. Bb2 Qe7 9. Nc3 O-O-O 10. h3 Be6 11. d3 h5 12. Rc1 f6 13. Ne4 Qd7 14. Kh2 Be7 15. Nc5 Bxc5 16. Rxc5 e4 17. Nh4 exd3 18. Ng6 Rhe8 19. e4 Bf7 20. Nf4 h4 21. Nd5 Nxd5 22. exd5 Nb4 23. d6 hxg3+ 24. fxg3 Qxd6 25. Qg4+ Kb8 26. Qxb4 b6 27. Rb5 Re2 28. Qxd6 Rxd6 29. Ba3 Rd5 30. Rb4 d2 31. Rd1 Rd7 32. Re4 Rxg2+ 33. Kxg2 Bd5 34. Kf3 f5 35. Rxd2 Bxe4+ 36. Ke3 Rxd2 37. Kxd2 c5 38. Bb2 g6 39. a3 Kc7 40. Be5+ Kc6 41. Kc3 g5 42. Bf6 f4 43. gxf4 gxf4 44. Bg5 f3 45. Be3 Kd5 46. h4 Bg6 47. b4 c4 48. a4 Be8 49. a5 bxa5 50. bxa5 a6 51. Bf2 Bf7 52. Bb6 Kc6 53. h5 Bxh5 1/2-1/2

[Event "FIDE WYCC Open U18 2023"]
[Site "Montesilvano"]
[Date "2023.11.17"]
[Round "5.13"]
[White "Wong, Zhenyong Jayden"]
[Black "Briem, Benedikt"]
[Result "1-0"]
[ECO "E16"]
[WhiteElo "2356"]
[BlackElo "2149"]
[Annotator "RC"]
[PlyCount "55"]
[EventDate "2023.11.13"]
[EventType "swiss"]
[EventCountry "ITA"]
[SourceTitle "playchess.com"]
[Source "ChessBase"]
[SourceQuality "1"]
[TimeControl "40/5400+30:1800+30"]

1. c4 e6 2. g3 d5 3. Bg2 Nf6 4. d4 Bb4+ 5. Nd2 O-O 6. Ngf3 b6 7. O-O Bb7 8. a3 Be7 9. cxd5 Bxd5 10. Re1 Nbd7 11. e4 Bb7 12. e5 Nd5 13. Ne4 h6 14. g4 f5 15. exf6 N7xf6 16. Ne5 Bd6 17. g5 Nxe4 18. Bxe4 hxg5 19. Qg4 Qf6 20. f3 Be7 21. Ng6 Bd6 22. Bxg5 Qxd4+ 23. Kh1 Qxb2 24. Qxe6+ Rf7 25. Qh3 Qxh2+ 26. Qxh2 Bxh2 27. Kxh2 c6 28. Rac1 1-0

[Event "FIDE WYCC Open U18 2023"]
[Site "Montesilvano"]
[Date "2023.11.17"]
[Round "5.14"]
[White "Khoder, Akram"]
[Black "Popov, Konstantin"]
[Result "0-1"]
[ECO "B50"]
[WhiteElo "2191"]
[BlackElo "2345"]
[Annotator "RC"]
[PlyCount "116"]
[EventDate "2023.11.13"]
[EventType "swiss"]
[EventCountry "ITA"]
[SourceTitle "playchess.com"]
[Source "ChessBase"]
[SourceQuality "1"]
[TimeControl "40/5400+30:1800+30"]

1. e4 c5 2. Nf3 d6 3. Bc4 Nf6 4. d3 Nc6 5. c3 g6 6. a4 Bg7 7. O-O O-O 8. Re1 b6 9. d4 cxd4 10. cxd4 d5 11. Bb5 Bd7 12. e5 Ne8 13. Nc3 Nc7 14. Bxc6 Bxc6 15. b4 Rc8 16. Qb3 Ne6 17. Bd2 Ba8 18. a5 Rc4 19. Ne2 b5 20. Be3 f6 21. Nf4 Nxf4 22. Bxf4 g5 23. exf6 exf6 24. Bg3 Bc6 25. Nd2 Rxd4 26. Qc3 Rc4 27. Nxc4 dxc4 28. Rad1 Qa8 29. Re7 Rf7 30. Rxf7 Kxf7 31. f3 Qe8 32. Bf2 a6 33. Re1 Qd7 34. Qd4 Bf8 35. Qxd7+ Bxd7 36. Rd1 Bf5 37. Be1 Bd3 38. Bc3 Bd6 39. Re1 Bb8 40. g3 h5 41. Kg2 Bd6 42. Rh1 Bc7 43. Kf2 h4 44. Rg1 h3 45. Ke3 Ke6 46. Re1 Bb8 47. Kd2+ Kf7 48. Bd4 Bf5 49. Ke3 Bd7 50. f4 gxf4+ 51. gxf4 Kg6 52. Bc5 Kf5 53. Rf1 Bc6 54. Kd4 Kg4 55. Ke3 c3 56. Rf2 f5 57. Bd4 c2 58. Bb2 Ba7+ 0-1

[Event "FIDE WYCC Open U18 2023"]
[Site "Montesilvano"]
[Date "2023.11.17"]
[Round "5.15"]
[White "Mierins, Emils Janis"]
[Black "Tadic, Stefan"]
[Result "1-0"]
[ECO "A70"]
[WhiteElo "2208"]
[BlackElo "2407"]
[Annotator "RC"]
[PlyCount "79"]
[EventDate "2023.11.13"]
[EventType "swiss"]
[EventCountry "ITA"]
[SourceTitle "playchess.com"]
[Source "ChessBase"]
[SourceQuality "1"]
[TimeControl "40/5400+30:1800+30"]

1. d4 Nf6 2. c4 c5 3. d5 e6 4. Nc3 exd5 5. cxd5 d6 6. e4 g6 7. Nf3 Bg7 8. Bc4 O-O 9. O-O Na6 10. Re1 Nc7 11. h3 a6 12. a4 Rb8 13. Qd3 Bd7 14. Bf4 b5 15. axb5 Bxb5 16. e5 Bxc4 17. Qxc4 Rb4 18. Qd3 Rxf4 19. exf6 Bxf6 20. Ne4 Rf5 21. Rad1 Bxb2 22. Qb3 Qb8 23. Qa2 Rxf3 24. gxf3 Bd4 25. Rxd4 cxd4 26. Nf6+ Kg7 27. Nd7 Qb4 28. Rb1 Qc3 29. Nxf8 Kxf8 30. Rd1 Qxf3 31. Rxd4 Qxh3 32. Qc4 Qd7 33. Rh4 h5 34. Qc3 Qf5 35. Rb4 Qg5+ 36. Kf1 Nb5 37. Qh8+ Ke7 38. Re4+ Kd7 39. Qe8+ Kc7 40. Qc6+ 1-0

[Event "FIDE WYCC Open U18 2023"]
[Site "Montesilvano"]
[Date "2023.11.17"]
[Round "5.16"]
[White "Otero Marino, Alain"]
[Black "Mayank Chakraborty"]
[Result "0-1"]
[ECO "C88"]
[WhiteElo "2204"]
[BlackElo "2368"]
[Annotator "RC"]
[PlyCount "58"]
[EventDate "2023.11.13"]
[EventType "swiss"]
[EventCountry "ITA"]
[SourceTitle "playchess.com"]
[Source "ChessBase"]
[SourceQuality "1"]
[TimeControl "40/5400+30:1800+30"]

1. e4 e5 2. Nf3 Nc6 3. Bb5 a6 4. Ba4 Nf6 5. O-O Be7 6. Re1 b5 7. Bb3 O-O 8. a4 Bb7 9. d4 Nxd4 10. Nxd4 exd4 11. e5 Ne4 12. Qg4 Bg5 13. f4 Bh6 14. Nd2 d5 15. Bxd5 Qxd5 16. Nxe4 f5 17. exf6 Rfe8 18. f7+ Kxf7 19. Ng5+ Bxg5 20. Rxe8 Rxe8 21. fxg5 d3 22. cxd3 Qxd3 23. Qf4+ Kg8 24. Qd2 Qc4 25. Ra3 Bxg2 26. Qf4 Re4 27. Qf5 Qxc1+ 28. Kxg2 Qxb2+ 29. Kf1 Qb1+ 0-1

[Event "FIDE WYCC Open U18 2023"]
[Site "Montesilvano"]
[Date "2023.11.17"]
[Round "5.17"]
[White "Silva, Pedro Gil Ferreira D"]
[Black "Talibov, Shiroghlan"]
[Result "1/2-1/2"]
[ECO "B33"]
[WhiteElo "2203"]
[BlackElo "2362"]
[Annotator "RC"]
[PlyCount "177"]
[EventDate "2023.11.13"]
[EventType "swiss"]
[EventCountry "ITA"]
[SourceTitle "playchess.com"]
[Source "ChessBase"]
[SourceQuality "1"]
[TimeControl "40/5400+30:1800+30"]

1. e4 c5 2. Nf3 e6 3. d4 cxd4 4. Nxd4 Nf6 5. Nc3 Nc6 6. Nb1 Nb8 7. Nc3 Nc6 8. Ndb5 d6 9. Bf4 e5 10. Bg5 a6 11. Na3 b5 12. Bxf6 gxf6 13. Nd5 f5 14. g3 fxe4 15. Bg2 Be6 16. Bxe4 Rc8 17. O-O Bg7 18. Qh5 Bf8 19. Qd1 Bg7 20. Qh5 Bf8 21. Qd1 Bg7 22. Qh5 Ne7 23. Nxe7 Qxe7 24. Rad1 Qd8 25. Ra1 Qe7 26. Rad1 Qd8 27. Ra1 Qe7 28. Rad1 Qd8 29. Ra1 Qe7 30. Rad1 Rc5 31. b4 Rc3 32. Nb1 Rc5 33. Na3 Rc3 34. Nb1 Rc4 35. Na3 Rc3 36. Nb1 Rc4 37. Na3 Rc3 38. Nb1 Rc4 39. Na3 Rc3 40. Nb1 Rc4 41. Rfe1 Rc5 42. Rf1 Rc4 43. Rfe1 d5 44. Bf5 Bxf5 45. Qxf5 Qe6 46. Qh5 Qe7 47. Qf5 Qe6 48. Qh5 Qe7 49. Qf5 Qe6 50. Qh5 Qe7 51. Qf5 Qe6 52. Qh5 Qe7 53. Qf5 Qe6 54. Qh5 Qe7 55. Qf5 Qe6 56. Qh5 Qe7 57. Qf5 Qe6 58. Qd3 O-O 59. Qxd5 Qxd5 60. Rxd5 Rxc2 61. a3 Rfc8 62. Rc5 Rf8 63. Rd5 Rfc8 64. Rc5 Rf8 65. Rd5 Rfc8 66. Nd2 Rf8 67. Nb1 Rfc8 68. Nd2 Ra2 69. Ne4 Rxa3 70. Red1 h6 71. Nc5 Ra2 72. Ne4 Ra3 73. Nc5 a5 74. bxa5 Rxa5 75. Nb3 Ra3 76. Nc5 Ra5 77. Nb3 Ra3 78. Nc5 Ra5 79. Nb3 Ra3 80. Nc5 Ra5 81. Nb3 Ra3 82. Nc5 Ra5 83. Nb3 Ra3 84. Nc5 Ra5 85. Nb3 Ra3 86. Nc5 Ra5 87. Nb3 Ra3 88. Nc5 Ra5 89. Nb3 1/2-1/2

[Event "FIDE WYCC Open U18 2023"]
[Site "Montesilvano"]
[Date "2023.11.17"]
[Round "5.18"]
[White "Czernek, Tymon"]
[Black "Chinguun Bayaraa"]
[Result "1-0"]
[ECO "C54"]
[WhiteElo "2329"]
[BlackElo "2193"]
[Annotator "RC"]
[PlyCount "147"]
[EventDate "2023.11.13"]
[EventType "swiss"]
[EventCountry "ITA"]
[SourceTitle "playchess.com"]
[Source "ChessBase"]
[SourceQuality "1"]
[TimeControl "40/5400+30:1800+30"]

1. e4 e5 2. Nf3 Nc6 3. Bc4 Bc5 4. O-O Nf6 5. d3 O-O 6. h3 h6 7. Re1 d6 8. c3 a6 9. a4 Ba7 10. Nbd2 Ne7 11. Nf1 c6 12. Ng3 Qc7 13. Bb3 b5 14. d4 c5 15. Be3 c4 16. Bc2 Nc6 17. Qd2 Ne7 18. Qd1 Nc6 19. Qd2 Kh7 20. Qd1 Kg8 21. Qd2 Kh7 22. Nh4 Kg8 23. Nf3 Kh7 24. Nh4 Ne7 25. f4 Ng6 26. Nhf5 Bxf5 27. Nxf5 Ng8 28. Kh1 Bb6 29. Kg1 Ba7 30. Kh1 Bb6 31. Rf1 Rad8 32. Rfe1 Ra8 33. Rf1 Rad8 34. Rfe1 Ra8 35. Rf1 Rad8 36. Qf2 Ra8 37. Qd2 Rad8 38. Qf2 N6e7 39. axb5 axb5 40. Ra6 Qb7 41. Rxb6 Qxb6 42. dxe5 Qb8 43. Nxe7 Nxe7 44. exd6 Rxd6 45. e5+ Rd3 46. Bc5 Re8 47. Bxe7 Rxe7 48. Bxd3+ cxd3 49. Qd4 g6 50. Qxd3 b4 51. c4 b3 52. Rf3 Rb7 53. Qe4 Re7 54. Qd3 Rb7 55. Qe4 Re7 56. Qd3 Rb7 57. Qe4 Re7 58. Rc3 Qb4 59. Rf3 Qb8 60. Rc3 Qb4 61. Rf3 Qb8 62. Rc3 Qb4 63. Qd3 Rb7 64. Qe4 Re7 65. Qd3 Rb7 66. f5 Qa5 67. Qe4 Re7 68. Qd3 Rb7 69. Qe4 Re7 70. Rg3 Qb4 71. Rc3 Qa5 72. Rg3 Qb4 73. Rc3 Qa5 74. Rg3 1-0

[Event "FIDE WYCC Open U18 2023"]
[Site "Montesilvano"]
[Date "2023.11.17"]
[Round "5.19"]
[White "Marakovits, Nico"]
[Black "Schouten, Mathias Lind"]
[Result "1/2-1/2"]
[ECO "E32"]
[WhiteElo "2324"]
[BlackElo "2175"]
[Annotator "RC"]
[PlyCount "126"]
[EventDate "2023.11.13"]
[EventType "swiss"]
[EventCountry "ITA"]
[SourceTitle "playchess.com"]
[Source "ChessBase"]
[SourceQuality "1"]
[TimeControl "40/5400+30:1800+30"]

1. d4 Nf6 2. c4 e6 3. Nc3 Bb4 4. Qc2 O-O 5. e4 d5 6. e5 Ne4 7. Bd3 c5 8. Nf3 cxd4 9. Nxd4 Nd7 10. Bf4 Qh4 11. g3 Qh5 12. h4 f6 13. cxd5 exd5 14. exf6 Ndxf6 15. f3 Nxc3 16. bxc3 Re8+ 17. Kf2 Bc5 18. Rae1 Bd7 19. Kg2 Rxe1 20. Kf2 Ree8 21. Kg2 Re1 22. Rxe1 Re8 23. Rh1 Ra8 24. Re1 Re8 25. Rxe8+ Qxe8 26. Qe2 h6 27. Nb3 Bb6 28. Qxe8+ Nxe8 29. Be5 Kf7 30. g4 Bc7 31. Bd4 b6 32. Nd2 Nd6 33. c4 Be6 34. c5 Nc4 35. cxb6 Bxb6 36. Nb3 Bc7 37. Nd2 Bb6 38. Nb3 Bc7 39. Nd2 Bb6 40. Nb3 Bxd4 41. Nxd4 Bd7 42. Kf2 Be6 43. Kg2 Bd7 44. Kf2 Kf6 45. Kg2 Kf7 46. Kf2 Kf6 47. Bxc4 dxc4 48. Ke3 Ke5 49. Kf2 Kf6 50. Ke3 Ke5 51. f4+ Kd5 52. g5 hxg5 53. hxg5 g6 54. Ne2 Bf5 55. Nd4 Bd7 56. Ne2 Bf5 57. Nd4 Bd7 58. Ne2 Bf5 59. Nc3+ Kc5 60. a3 a5 61. Na4+ Kb5 62. Nc3+ Kc5 63. Na4+ Kb5 1/2-1/2

[Event "FIDE WYCC Open U18 2023"]
[Site "Montesilvano"]
[Date "2023.11.17"]
[Round "5.20"]
[White "Ismail, Mohammed Aayan"]
[Black "Bicer, Atakan Mert"]
[Result "*"]
[ECO "E60"]
[WhiteElo "2143"]
[BlackElo "2318"]
[Annotator "RC"]
[PlyCount "129"]
[EventDate "2023.11.13"]
[EventType "swiss"]
[EventCountry "ITA"]
[SourceTitle "playchess.com"]
[Source "ChessBase"]
[SourceQuality "1"]
[TimeControl "40/5400+30:1800+30"]

1. c4 Nf6 2. Nf3 g6 3. b3 Bg7 4. Bb2 O-O 5. e3 d6 6. d4 e5 7. dxe5 Nfd7 8. Be2 Nc6 9. Nc3 dxe5 10. Qc1 f5 11. Nd5 Re8 12. h4 h6 13. Qc3 Nc5 14. Rd1 Nd7 15. Ra1 Nc5 16. Rd1 Bd7 17. Kf1 a5 18. g3 Nb8 19. Qc1 c6 20. Nc3 Qc7 21. Nd5 Qd8 22. Nc3 Qc7 23. Qc2 Nba6 24. Qc1 Nb8 25. Qc2 Nba6 26. a3 Be6 27. Nb1 Bd7 28. Nc3 Be6 29. Nb1 Nb8 30. Nc3 Nba6 31. Nb1 Nb8 32. Nbd2 Nbd7 33. Nb1 Nb8 34. Nbd2 Nbd7 35. Nb1 Nb8 36. Nbd2 Nbd7 37. Bc3 e4 38. Nd4 Ne5 39. Nxe6 Rxe6 40. Bd4 Qe7 41. Bc3 Qc7 42. Bd4 Qe7 43. Kg2 b6 44. Ra1 Ncd3 45. b4 axb4 46. axb4 Rxa1 47. Rxa1 Nxb4 48. Ra8+ Kh7 49. Qa4 c5 50. Bxe5 Rxe5 51. Ra7 Qe8 52. Qb5 Re6 53. Rb7 Qd8 54. Nb1 Qf6 55. Qd7 Qe7 56. Qb5 Qf6 57. Qd7 Rd6 58. Qa4 g5 59. hxg5 hxg5 60. Qe8 Rd8 61. Qa4 Rd6 62. Qe8 Rd8 63. Qb5 Rd6 64. Qe8 Rd8 65. Qb5 *

[Event "FIDE WYCC Open U18 2023"]
[Site "Montesilvano"]
[Date "2023.11.17"]
[Round "5.21"]
[White "Goroshkov, Maksym"]
[Black "Hommadov, Amanmuhammet"]
[Result "0-1"]
[ECO "D78"]
[WhiteElo "2303"]
[BlackElo "2055"]
[Annotator "RC"]
[PlyCount "160"]
[EventDate "2023.11.13"]
[EventType "swiss"]
[EventCountry "ITA"]
[SourceTitle "playchess.com"]
[Source "ChessBase"]
[SourceQuality "1"]
[TimeControl "40/5400+30:1800+30"]

1. d4 Nf6 2. Nf3 g6 3. g3 Bg7 4. Bg2 O-O 5. O-O d5 6. c4 c6 7. Nc3 dxc4 8. a4 Na6 9. e4 Nb4 10. a5 Nd3 11. Qe2 Bg4 12. Be3 e5 13. dxe5 Nxe5 14. h3 Nxf3+ 15. Bxf3 Bxh3 16. Rfd1 Qc8 17. Qxc4 Ng4 18. Bd4 Ne5 19. Bxe5 Bxe5 20. a6 Rb8 21. Qc5 Qc7 22. Kh2 b6 23. Qa3 Be6 24. Rac1 c5 25. Nd5 Bxd5 26. Rxd5 Rbd8 27. Kg2 Rxd5 28. exd5 Qd6 29. Rc4 Qf6 30. b4 Bd4 31. Qd3 Re8 32. Rc2 Re5 33. Rd2 h5 34. Re2 Rf5 35. Re8+ Kg7 36. Qe4 cxb4 37. Rc8 b3 38. Rc6 Qe5 39. Qxe5+ Bxe5 40. Be4 Rf6 41. Rc4 b5 42. Rb4 b2 43. Rxb5 Rxa6 44. d6 Bf6 45. Rb4 Be5 46. Rb5 Bf6 47. d7 Rb6 48. Rd5 b1=Q 49. Bxb1 Rxb1 50. d8=Q Bxd8 51. Rxd8 a5 52. Ra8 Ra1 53. Ra6 a4 54. Kf3 a3 55. Kf4 a2 56. Ra5 Kf6 57. Ra6+ Ke7 58. Ra7+ Kd6 59. Ra6+ Kc5 60. Kf3 g5 61. Kg2 f5 62. Ra8 h4 63. Rc8+ Kb6 64. Ra8 h3+ 65. Kh2 f4 66. Ra3 Kb5 67. Ra7 Kb4 68. Ra8 Kb3 69. Rb8+ Kc2 70. Ra8 Kd2 71. g4 Ke2 72. Ra7 Kxf2 73. Ra3 f3 74. Ra8 Ke3 75. Ra3+ Kd4 76. Ra4+ Kc5 77. Ra3 Re1 78. Rxf3 a1=Q 79. Rc3+ Kb4 80. Re3 Qb2+ 0-1